Map: Dusk Towers

Players

MorN

  • Race: Terran Terran
  • League: Master

A.I. 1 (Very Easy) - Winner!

  • Race: Zerg Zerg

VOD

Have the link to the VOD?

Description

Time

  • Played on: Nov. 18, 2015, 12:23 a.m.
  • Length: 6:36
Show
View Real Time Build Order
Export as new Build Order

MorN Terran 

Build Orders:  

Get SALT Encoding   

  12  0:01  SCV  
  13  0:13  SCV  
  14  0:17  Supply Depot  
  14  0:25  SCV  
  15  0:40  Barracks  
  15  0:44  SCV  
  15  0:47  Refinery  
  16  0:56  SCV  
  17  1:08  SCV  
  18  1:21  SCV  
  19  1:28  Marine  
  20  1:33  Orbital Command  
  20  1:42  Command Center  
  20  1:46  Marine  
  21  1:56  Factory  
  21  2:00  SCV  
  22  2:06  Supply Depot  
  22  2:12  SCV  
  22  2:13  Barracks Tech Lab  
  23  2:16  Refinery  
  23  2:28  SCV  
  24  2:35  Ghost Academy  
  24  2:40  SCV, Marine  
  26  2:50  Starport  
  26  2:55  Orbital Command  
  26  2:56  SCV  
  27  3:00  Marine  
  28  3:08  SCV  
  29  3:16  Factory Reactor  
  29  3:20  SCV  
  29  3:24  SCV  
  32  3:28  Ghost  
  33  3:34  Medivac  
  33  3:36  SCV  
  33  3:38  Supply Depot  
  36  3:44  SCV  
  37  3:50  SCV  
  37  3:53  Hellion x2  
  42  3:56  SCV  
  42  3:58  Ghost  
  42  4:02  SCV  
  46  4:08  SCV  
  47  4:11  Medivac  
  47  4:14  SCV  
  47  4:15  Supply Depot  
  50  4:17  Hellion  
  50  4:18  Hellion  
  54  4:30  Stimpack  
  54  4:37  SCV x2  
  56  4:39  Supply Depot  
  56  4:51  Command Center  
  56  4:53  Barracks  
  56  4:54  Factory Reactor  
  56  4:55  Barracks  
  56  5:03  SCV  
  57  5:13  SCV  
  58  5:17  Starport Reactor  
  58  5:18  SCV  
  58  5:20  Refinery x2  
  59  5:25  SCV  
  59  5:28  Supply Depot, Marauder  
  62  5:34  SCV  
  62  5:35  Barracks x2  
  63  5:40  Factory Tech Lab  
  63  5:53  SCV  
  63  5:56  Supply Depot  
  64  5:57  Medivac x2  
  64  6:00  Siege Tank  
  64  6:02  Marine  
  64  6:03  Marine  
  64  6:04  Orbital Command  
  73  6:35  Supply Depot  
Show
View Real Time Build Order
Export as new Build Order

A.I. 1 (Very Easy) Zerg - Winner!

Build Orders: Hatch First 

Get SALT Encoding   

  12  0:01  Drone  
  13  0:12  Overlord  
  13  0:17  Drone  
  14  0:42  Hatchery  
  13  0:45  Drone  
  14  1:02  Spawning Pool  
  13  1:05  Extractor  
  13  1:06  Drone  
  13  1:13  Drone  
  14  1:19  Overlord  
  14  1:49  Zergling x2  
  14  1:51  Queen, Zergling x2  
  18  1:59  Roach Warren  
  17  2:02  Drone  
  17  2:08  Extractor  
  17  2:12  Drone  
  17  2:15  Zergling x2  
  19  2:20  Drone  
  20  2:27  Drone  
  21  2:34  Drone  
  22  2:41  Drone  
  23  2:48  Drone  
  24  2:56  Drone  
  25  3:03  Drone  
  25  3:04  Roach  
  28  3:08  Overlord  
  29  3:12  Drone  
  30  3:20  Drone  
  30  3:26  Lair  
  31  3:27  Drone  
  31  3:40  Drone  
  32  3:48  Drone  
  33  3:54  Roach  
  33  3:55  Drone  
  36  3:57  Overlord  
  36  4:02  Drone  
  37  4:09  Drone  
  38  4:16  Drone  
  39  4:23  Drone  
  40  4:25  Overseer  
  40  4:27  Overseer  
  40  4:30  Drone  
  41  4:38  Drone  
  42  4:43  Overlord, Ravager, Extractor  
  42  4:44  Roach  
  42  4:45  Drone  
  45  4:52  Drone  
  46  4:59  Drone, Extractor  
  44  5:07  Drone  
  45  5:14  Drone  
  46  5:22  Drone  
  47  5:29  Drone  
  48  5:36  Drone  
  49  5:43  Drone  
  47  5:50  Drone  
  45  5:58  Drone  
  46  6:05  Drone  
  47  6:12  Drone  
  48  6:19  Drone  
Tags
 
League
Master
Matchup
TvZ
Replay Pack
MorN pack 2
Add a new tag
Caveats
  • Supply blocks, unpowered buildings, or Contaminate may cause inaccurate times.
  • Supply counts are checked every 10 seconds.